Map: [ESL] Moondance

Players

HeroMarine - Winner!

  • Race: Terran Terran
  • Spawn Location: 6:00

Kelazhur

  • Race: Terran Terran
  • Spawn Location: 12:00

Event: DreamHack SC2 Masters 2022 Valencia

VOD

Have the link to the VOD?

Description

Time

  • Played on: July 1, 2022, 2:36 p.m.
  • Length: 18:23

All games in this series

Show
View Real Time Build Order
Export as new Build Order

HeroMarine Terran - Winner!

Build Orders: Cyclone Opening 

Get SALT Encoding   

  12  0:00  SCV  
  13  0:12  SCV  
  14  0:17  Supply Depot  
  14  0:24  SCV  
  15  0:38  SCV  
  15  0:41  Barracks  
  16  0:43  Refinery  
  16  0:50  SCV  
  16  0:52  Refinery  
  17  1:02  SCV  
  18  1:14  SCV  
  19  1:28  Orbital Command, Reaper  
  20  1:32  Supply Depot  
  20  1:43  Factory  
  20  1:53  SCV  
  21  2:00  Reaper  
  22  2:05  SCV  
  23  2:17  SCV  
  23  2:21  Command Center  
  24  2:28  Factory Tech Lab  
  24  2:29  SCV  
  25  2:32  Barracks Reactor  
  25  2:35  Supply Depot  
  25  2:41  SCV  
  26  2:46  Cyclone  
  29  2:54  SCV  
  30  3:05  Starport  
  28  3:06  SCV  
  28  3:08  Marine x2  
  31  3:15  Refinery  
  31  3:18  SCV  
  32  3:22  Cyclone  
  32  3:26  Marine  
  32  3:27  Marine  
  36  3:30  SCV  
  38  3:39  Orbital Command  
  38  3:42  SCV  
  38  3:45  Marine x2  
  38  3:47  Starport Tech Lab  
  40  3:54  SCV  
  41  3:58  Siege Tank  
  44  4:03  Marine x2  
  44  4:05  SCV  
  44  4:06  SCV  
  48  4:10  Supply Depot  
  48  4:14  Raven  
  50  4:17  SCV  
  50  4:18  SCV  
  50  4:21  Marine x2  
  54  4:26  Supply Depot  
  54  4:31  SCV x2  
  54  4:33  Siege Tank  
  59  4:43  SCV x2, Marine x2  
  60  4:47  Supply Depot  
  60  4:55  SCV x2  
  60  4:57  Raven  
  64  5:03  Command Center  
  64  5:08  SCV x2  
  64  5:10  Siege Tank  
  64  5:13  Refinery, Marine  
  70  5:14  Marine  
  70  5:20  SCV, Supply Depot  
  70  5:21  SCV  
  73  5:32  SCV  
  73  5:33  SCV  
  75  5:44  SCV, Siege Tank  
  75  5:45  SCV  
  80  5:51  Viking x2  
  80  5:53  Supply Depot  
  80  5:56  SCV  
  85  5:57  SCV  
  85  5:59  Barracks  
  85  6:00  Barracks, Stimpack  
  86  6:06  Engineering Bay  
  86  6:08  Engineering Bay  
  86  6:14  Marine  
  86  6:15  SCV x2  
  89  6:21  Viking x2  
  89  6:22  Orbital Command  
  93  6:27  SCV x2  
  93  6:32  Marine  
  96  6:37  Orbital Command  
  96  6:39  SCV x2  
  98  6:42  Siege Tank, Terran Infantry Armor Level 1, Terran Infantry Weapons Level 1  
  100  6:49  Barracks Reactor x2  
  100  6:50  Marine  
  100  6:51  SCV  
  100  6:52  SCV  
  103  6:57  Viking  
  103  7:01  Viking  
  106  7:03  SCV  
  106  7:04  SCV  
  106  7:08  Marine  
  108  7:09  SCV  
  108  7:15  SCV  
  104  7:16  SCV  
  104  7:21  SCV  
  100  7:25  Siege Tank  
  100  7:26  Marine  
  100  7:27  Viking, SCV  
  100  7:28  SCV, Marine x2  
  100  7:29  Marine  
  90  7:30  Marine  
  90  7:31  Viking  
  94  7:40  SCV, Combat Shield  
  94  7:43  Refinery, Marine  
  95  7:45  SCV  
  95  7:47  Barracks, Marine x2  
  95  7:48  Barracks, Marine  
  95  7:49  Marine  
  95  7:50  Refinery  
  100  7:55  Supply Depot  
  100  7:57  Supply Depot  
  100  7:59  Supply Depot  
  100  8:00  SCV x2  
  100  8:01  SCV, Marine  
  100  8:05  Marine x2  
  104  8:06  Siege Tank  
  104  8:10  Armory  
  104  8:11  Sensor Tower  
  104  8:12  Supply Depot  
  109  8:16  Marine x2  
  109  8:19  Marine, Supply Depot  
  112  8:21  Medivac x2  
  112  8:23  Marine  
  117  8:27  Marine  
  117  8:28  SCV x2  
  117  8:29  SCV  
  117  8:34  Marine  
  121  8:38  Siege Tank  
  121  8:39  Marine x2  
  121  8:41  Marine  
  128  8:44  SCV x3  
  128  8:47  Marine  
  110  8:50  Marine  
  110  8:51  Marine, Medivac  
  110  8:52  Medivac  
  109  8:56  SCV x2  
  109  8:57  Marine  
  112  9:02  Command Center  
  112  9:03  Barracks Reactor  
  112  9:04  Barracks Reactor  
  112  9:06  Marine  
  112  9:08  Marine x2  
  112  9:09  Marine  
  117  9:15  Terran Infantry Weapons Level 2  
  117  9:16  Terran Infantry Armor Level 2  
  115  9:17  Terran Vehicle Weapons Level 1  
  115  9:18  Marine  
  115  9:21  Medivac  
  115  9:23  Marine  
  119  9:26  Marine x2  
  119  9:27  Marine  
  119  9:29  SCV x3  
  125  9:35  Siege Tank, Marine  
  129  9:40  Supply Depot  
  129  9:41  Marine  
  129  9:42  Marine  
  129  9:43  Marine x2  
  129  9:44  Marine x2  
  136  9:47  Marine  
  136  9:51  Viking x2  
  140  9:53  Factory, Marine  
  140  9:59  Marine  
  141  10:00  Marine x2  
  141  10:01  Marine x3  
  141  10:02  SCV x3  
  141  10:05  Marine  
  150  10:10  Siege Tank, Barracks Reactor  
  150  10:11  Marine  
  154  10:15  Starport  
  154  10:17  Marine, Starport  
  154  10:18  Marine x2  
  157  10:21  Viking x2  
  157  10:26  Missile Turret  
  159  10:29  SCV x3  
  162  10:37  Refinery  
  162  10:39  Refinery  
  162  10:41  Sensor Tower  
  167  10:42  Siege Tank  
  167  10:45  Planetary Fortress  
  167  10:46  Marine  
  167  10:47  Marine  
  167  10:49  Marine x2  
  169  10:53  Missile Turret  
  169  10:54  Supply Depot x2  
  169  10:55  Starport Tech Lab x2  
  169  10:56  Supply Depot  
  168  11:10  Viking x2  
  172  11:22  Siege Tank x2  
  180  11:26  Corvid Reactor  
  180  11:29  Command Center  
  180  11:32  Terran Infantry Weapons Level 3  
  176  11:33  Terran Infantry Armor Level 3  
  176  11:41  Marine x4  
  176  11:46  Marine x2  
  172  11:48  Viking x2  
  172  11:49  Medivac x2  
  180  11:58  Siege Tank  
  180  12:01  Siege Tank  
  186  12:02  Marine x7  
  186  12:04  Marine  
  194  12:09  Marine x2  
  170  12:21  Marine x2  
  160  12:23  Viking x2, Marine  
  160  12:24  Viking  
  160  12:26  Marine  
  160  12:29  Marine x2  
  163  12:30  Siege Tank  
  163  12:32  Marine x2  
  163  12:33  Siege Tank, Marine x2  
  163  12:35  Viking  
  175  12:48  Marine  
  176  12:52  Refinery  
  176  12:53  Orbital Command, Viking x2  
  180  13:02  Raven  
  180  13:05  Terran Vehicle Weapons Level 2  
  182  13:06  Marine  
  182  13:07  Marine x2  
  182  13:08  SCV x2  
  182  13:11  Marine x2  
  182  13:12  Marine x2  
  187  13:13  Siege Tank  
  187  13:14  Viking  
  190  13:23  Viking x2  
  194  13:37  Command Center  
  194  13:38  Command Center  
  194  13:44  Viking, Starport x2  
  194  13:48  Raven  
  198  13:53  Viking  
  199  14:13  Raven  
  197  14:17  Orbital Command  
  197  14:30  Raven  
  198  14:35  Viking x2  
  198  14:36  Siege Tank  
  198  14:37  Marine  
  199  14:39  Neosteel Armor, Hi-Sec Auto Tracking  
  199  14:55  Marine  
  199  14:56  Raven  
  199  14:57  Marine x2  
  194  15:00  Starport Reactor  
  194  15:01  Starport Tech Lab  
  194  15:05  Viking x2  
  191  15:11  Armory, Marine  
  191  15:12  Refinery  
  191  15:13  Raven  
  182  15:14  Siege Tank x2  
  182  15:15  Marine x3  
  182  15:20  Marine x2  
  184  15:23  Marine x2  
  171  15:29  Marine x2  
  171  15:31  Marine  
  171  15:32  Marine  
  171  15:39  Raven  
  171  15:40  Marine x2  
  171  15:42  Raven  
  158  15:43  Marine x2  
  158  15:44  Viking  
  158  15:46  Siege Tank x2  
  158  15:47  Orbital Command  
  158  15:48  Marine  
  158  15:49  Marine x2, Command Center  
  171  15:56  Raven  
  173  15:57  Marine  
  173  15:58  Marine  
  173  15:59  Marine x2  
  177  16:05  Marine x2  
  177  16:08  Marine x2  
  177  16:11  Refinery, Marine x2  
  180  16:18  Siege Tank x2  
  180  16:22  Viking, Raven  
  190  16:26  Marine  
  190  16:27  Marine  
  190  16:31  Planetary Fortress  
  190  16:32  Refinery  
  192  16:39  Raven  
  189  16:40  Viking, Marine  
  192  16:50  Siege Tank  
  186  16:56  Viking x2  
  186  16:57  Marine x2  
  190  17:03  Viking  
  191  17:14  Command Center  
  195  17:17  Viking x2  
  195  17:19  Viking  
  194  17:34  Marine  
  194  17:35  Marine x2  
  194  17:36  Siege Tank x2  
  178  17:40  Marine  
  178  17:41  Marine x2  
  178  17:42  Marine  
  178  17:43  Marine  
  178  17:44  Marine x2  
  173  17:52  Marine x2  
  181  18:00  Marine x2  
  181  18:02  Marine x2  
Show
View Real Time Build Order
Export as new Build Order

Kelazhur Terran 

Build Orders:  

Get SALT Encoding   

  12  0:00  SCV  
  13  0:12  SCV  
  14  0:17  Supply Depot  
  14  0:24  SCV  
  15  0:38  SCV  
  15  0:40  Barracks  
  16  0:43  Refinery  
  16  0:50  SCV  
  16  0:52  Refinery  
  17  1:03  SCV  
  18  1:15  SCV  
  19  1:27  Orbital Command, Reaper  
  19  1:32  Supply Depot  
  20  1:40  Factory  
  20  1:53  SCV  
  21  1:59  Reaper  
  22  2:05  SCV  
  23  2:17  Command Center  
  23  2:18  SCV  
  24  2:26  Hellion  
  26  2:30  SCV  
  26  2:31  Reaper  
  26  2:36  Supply Depot  
  28  2:42  SCV  
  29  2:47  Hellion  
  29  2:50  Starport  
  31  2:58  SCV  
  32  3:08  Barracks Reactor  
  32  3:09  Factory Tech Lab  
  32  3:10  SCV  
  33  3:22  SCV  
  33  3:23  Refinery  
  33  3:28  Starport Tech Lab  
  33  3:33  Orbital Command  
  33  3:36  Cyclone  
  33  3:37  SCV  
  36  3:49  SCV  
  37  3:56  Raven  
  37  4:00  Command Center  
  37  4:01  SCV  
  40  4:04  SCV  
  41  4:13  SCV  
  41  4:16  SCV  
  43  4:18  Siege Tank  
  43  4:19  Marine x2  
  43  4:22  Supply Depot  
  48  4:26  SCV  
  48  4:28  SCV  
  49  4:37  Marine x2  
  49  4:38  SCV  
  49  4:40  SCV  
  49  4:44  Raven  
  49  4:50  SCV  
  49  4:52  SCV  
  51  4:56  Siege Tank  
  54  5:01  Marine x2  
  54  5:02  SCV  
  57  5:07  SCV  
  57  5:12  Orbital Command  
  58  5:14  SCV  
  58  5:19  SCV  
  60  5:22  Barracks x2  
  60  5:26  SCV  
  60  5:28  Siege Tank  
  64  5:36  Viking, SCV  
  64  5:37  Viking  
  64  5:38  Stimpack  
  64  5:41  SCV  
  64  5:42  Supply Depot  
  70  5:43  Refinery, SCV  
  70  5:45  Marine  
  72  5:50  SCV  
  72  5:53  SCV  
  72  5:56  Supply Depot  
  74  6:00  Siege Tank  
  74  6:04  SCV x2  
  79  6:06  Supply Depot  
  79  6:08  Engineering Bay  
  79  6:09  Barracks Reactor x2  
  79  6:10  Engineering Bay  
  79  6:12  SCV  
  79  6:14  Viking  
  79  6:16  SCV  
  83  6:20  SCV  
  83  6:23  Viking, Refinery  
  83  6:24  SCV, Marine  
  88  6:28  SCV  
  87  6:33  SCV  
  87  6:34  Siege Tank  
  83  6:40  SCV  
  83  6:44  Viking  
  83  6:45  SCV  
  86  6:50  Marine  
  86  6:51  Marine x3  
  86  6:52  SCV, Marine  
  92  6:57  SCV  
  93  7:04  SCV  
  93  7:08  Marine  
  91  7:09  Orbital Command, SCV  
  93  7:22  Marine  
  93  7:23  Viking, SCV, Marine  
  93  7:24  Marine  
  93  7:25  Viking, SCV  
  93  7:27  Marine x2  
  91  7:35  SCV  
  91  7:36  SCV  
  93  7:40  Combat Shield  
  93  7:42  Terran Infantry Weapons Level 1  
  93  7:43  Terran Infantry Armor Level 1  
  93  7:49  Supply Depot, Command Center  
  93  7:50  SCV x3  
  96  7:52  Supply Depot  
  96  7:59  Marine x3  
  96  8:02  SCV x2  
  101  8:11  Marine x2, SCV, Medivac x2  
  108  8:15  Siege Tank  
  108  8:18  SCV, Supply Depot  
  112  8:20  Armory  
  112  8:24  Marine x3  
  112  8:25  SCV  
  116  8:34  Barracks  
  116  8:35  Barracks  
  116  8:38  SCV  
  117  8:45  Marine  
  117  8:47  Marine  
  99  8:49  Marine x3  
  99  8:50  SCV  
  99  8:54  Siege Tank, Medivac  
  99  8:55  Medivac  
  96  8:57  SCV x2  
  98  9:04  Marine  
  98  9:05  Marine  
  98  9:07  SCV, Marine x2  
  98  9:08  Sensor Tower  
  103  9:16  Factory  
  103  9:18  Planetary Fortress  
  103  9:22  Marine  
  103  9:23  Marine  
  105  9:24  Viking, Marine  
  105  9:25  Viking  
  105  9:26  Siege Tank  
  105  9:27  Marine x2  
  115  9:35  Barracks Reactor  
  115  9:40  Marine  
  115  9:41  Marine  
  117  9:48  Terran Infantry Weapons Level 2, Marine x3  
  117  9:51  Refinery, SCV x3  
  117  9:52  Refinery  
  123  9:54  Viking x2  
  123  9:57  Marine, Supply Depot  
  123  9:58  Marine  
  123  9:59  Supply Depot  
  129  10:01  Terran Infantry Armor Level 2  
  129  10:03  SCV  
  129  10:06  Marine x2, Barracks Reactor  
  132  10:07  Missile Turret  
  132  10:09  Missile Turret  
  132  10:18  SCV x3  
  132  10:19  Marine  
  132  10:20  Command Center  
  136  10:23  Marine x5, Supply Depot  
  136  10:24  Supply Depot  
  141  10:33  Siege Tank x2  
  147  10:36  Viking  
  147  10:37  Viking  
  147  10:39  Terran Vehicle Weapons Level 1  
  147  10:42  Supply Depot  
  151  10:48  Starport  
  151  10:49  Starport  
  151  10:52  Supply Depot  
  150  11:06  Viking x2  
  150  11:08  Siege Tank x2  
  160  11:12  Armory  
  160  11:13  Supply Depot x2  
  160  11:20  Command Center  
  157  11:38  Starport Tech Lab x2  
  157  11:39  Viking x2  
  160  11:40  Siege Tank  
  161  11:47  Siege Tank  
  161  11:49  Marine x3  
  167  12:02  Command Center x2  
  167  12:03  Planetary Fortress  
  167  12:06  Sensor Tower  
  167  12:09  Refinery  
  167  12:12  Viking x2, Siege Tank  
  167  12:20  Marine x9  
  167  12:21  Raven  
  158  12:27  Raven, Sensor Tower  
  160  12:34  Siege Tank  
  159  12:38  Marine  
  159  12:40  Refinery, Marine  
  159  12:41  Marine x7  
  159  12:44  Viking x2  
  172  12:53  Siege Tank  
  172  12:56  Marine  
  176  12:58  Marine x5, Command Center  
  176  13:01  Sensor Tower  
  177  13:18  Viking x2  
  182  13:24  Terran Infantry Weapons Level 3, Terran Infantry Armor Level 3  
  182  13:25  Medivac  
  180  13:28  Marine x9  
  180  13:33  Orbital Command  
  189  13:46  Marine x3  
  189  13:47  Siege Tank x2  
  189  13:48  Terran Vehicle Weapons Level 2  
  198  13:51  Planetary Fortress  
  198  13:57  Refinery  
  198  14:03  Refinery  
  198  14:08  Viking  
  193  14:12  Marine x7  
  193  14:15  Marine  
  195  14:19  Siege Tank  
  195  14:23  Marine  
  199  14:30  Marine x4  
  198  14:32  Raven  
  198  14:38  Command Center  
  197  14:40  SCV x3  
  196  14:57  Siege Tank x2  
  196  14:58  Raven  
  196  14:59  Viking x2  
  186  15:19  Marine  
  186  15:20  Starport  
  178  15:22  Starport  
  178  15:24  Marine x8  
  168  15:37  Marine  
  168  15:38  Viking x3  
  168  15:42  Marine x7  
  151  15:45  Siege Tank  
  151  15:48  Viking  
  143  15:52  Refinery  
  143  15:53  Orbital Command  
  143  16:02  Viking x2  
  147  16:08  Viking  
  149  16:14  Siege Tank  
  149  16:24  Viking x3  
  150  16:32  Viking x2  
  154  16:38  Viking  
  153  16:53  Siege Tank, Marine x9  
  162  16:54  Viking x2  
  157  17:06  Siege Tank  
  157  17:07  Raven  
  158  17:11  Marine x2  
  153  17:20  SCV x2  
  153  17:21  SCV x3  
  158  17:25  Siege Tank  
  161  17:35  Orbital Command  
  161  17:36  Marine  
  161  17:37  Marine x5  
  128  17:44  Siege Tank  
  126  17:49  Starport Tech Lab x2  
  127  17:57  Marine  

Tags
 
Add a new tag
Caveats
  • Supply blocks, unpowered buildings, or Contaminate may cause inaccurate times.
  • Supply counts are checked every 10 seconds.